 Dungeon Crawl Stone Soup version 0.31.0-12-g77e489cdc1 (webtiles) character file.

Game seed: 14811866467766194989

676 H0rd4k the Insei (level 7, -2/46 HPs)
             Began as an Octopode Artificer on Feb 27, 2024.
             Slain by a howler monkey (7 damage)
             ... on level 5 of the Dungeon.
             The game lasted 00:03:40 (3057 turns).

H0rd4k the Insei (Octopode Artificer)               Turns: 3057, Time: 00:03:42

Health: -2/46      AC:  1    Str: 12    XL:     7   Next: 59%
Magic:  7/7        EV: 13    Int: 15    God:
Gold:   91         SH:  0    Dex: 12    Spells: 6/6 levels left

rFire   . .          .
                       - Unarmed
rCold   . . .        (no shield)
rNeg    . . .        (helmet restricted)
rPois   .            (no amulet)
rElec   .            e - ring of willpower
rCorr   .            (no ring)
SInv    .            (no ring)
Will    +....        (no ring)
Stlth   +++          (no ring)
HPRegen 0.27/turn    (no ring)
MPRegen 0.10/turn    (no ring)
                     (no ring)

%: no passive effects
@: lethally poisoned (-2 -> -11)
A: almost no armour, amphibious, 8 rings, camouflage 1, gelatinous body 1,
(nimble swimmer 1), tentacles
a: no special abilities


You were on level 5 of the Dungeon.
You visited 1 branch of the dungeon, and saw 5 of its levels.

You collected 91 gold pieces.

Inventory:

Missiles
 p - a throwing net
Jewellery
 e - a ring of willpower (left tentacle)
Talismans
 m - a dragon-blood talisman
Wands
 b - a wand of flame (1) (quivered)
 c - a wand of charming (6)
 d - a wand of iceblast (12)
Scrolls
 a - 5 scrolls of enchant weapon {unknown}
 f - 2 scrolls of blinking {unknown}
 g - a scroll of identify {unknown}
 i - a scroll of poison {unknown}
 j - 3 scrolls of teleportation {unknown}
 o - a scroll of butterflies {unknown}
 q - a scroll of fog {unknown}
 r - a scroll of noise {unknown}
Potions
 h - 2 potions of haste {unknown}
 k - a potion of might {unknown}
 l - a potion of brilliance {unknown}
 n - a potion of ambrosia {unknown}


   Skills:
 + Level 3.2 Fighting
 - Level 2.3 Dodging
 - Level 1.3 Stealth
 + Level 6.7 Unarmed Combat
 - Level 3.2 Evocations
 * Level 2.1 Shapeshifting


You had 6 spell levels left.
You didn't know any spells.
Your spell library contained the following spells:

 Spells                   Type           Power      Damage    Failure   Level
 Apportation              Tloc           0%         N/A       26%         1
 Necrotise                Necr           0%         1d4       26%         1
 Sting                    Conj/Alch      0%         1d3       26%         1
 Summon Small Mammal      Summ           0%         N/A       26%         1
 Blink                    Tloc           0%         N/A       38%         2
 Lesser Beckoning         Tloc           0%         N/A       38%         2
 Momentum Strike          Conj/Tloc      0%         3d8       38%         2
 Frozen Ramparts          Ice            0%         1d1       63%         3
 Leda's Liquefaction      Alch/Erth      0%         N/A       95%         4
 Petrify                  Alch/Erth      0%         N/A       95%         4
 Metabolic Englaciation   Hex/Ice        0%         N/A       100%        5


Dungeon Overview and Level Annotations

Branches:
Dungeon (5/15)
 Temple: D:4-7

Altars:
Dithmenos
Qazlal
Ru
Trog
Vehumet

Annotations:
D:4 2 runed translucent doors, Dowan; Duvessa; riffraff's ghost, weakling AtFi
D:5 Edmund


Innate Abilities, Weirdness & Mutations

You cannot wear most types of armour.
You are amphibious.
You can wear up to eight rings at the same time.
Your skin changes colour to match your surroundings (Stealth+).
Your rubbery body absorbs attacks. (AC +1, EV +1)
((You are camouflaged when in or above water. (Stealth+)))
You have tentacles for arms and can constrict up to eight enemies at once.


Message History

The phantom hits Edmund but does no damage.
You shake off the liquid fire.
The howler monkey hoots and howls with incredible vigour!
You hear a bark!
What are your orders? t - Shout!
Orders for allies: a - Attack new target. p - Attack previous target. r - Retreat! s - Stop attacking. g - Guard the area. f - Follow me.
Anything else - Cancel.
Guard this area!
Edmund hits the phantom with a +4 flail of draining.
The phantom hits Edmund.
Edmund hits the phantom with a +4 flail of draining!
The phantom hits Edmund but does no damage.
You miss the adder. You grab the adder. You squeeze the adder.
The adder is lightly wounded.
You constrict the adder.
The howler monkey hoots and howls with incredible vigour!
Edmund closely misses the phantom.
The phantom barely misses Edmund.
The adder bites you.
* * * LOW HITPOINT WARNING * * *
You are poisoned.
The adder poisons you!
Your bombardier beetle barely misses the phantom.
You hear a shout!
Aiming: Charm
Press: ? - help, Shift-Dir - straight line, f - adder, p - bombardier beetle
Aim: an adder (lightly wounded, constricted by you, chance to affect: 66%)
The adder struggles to resist.
You constrict the adder.
* * * LOW HITPOINT WARNING * * *
You feel sick. The adder bites you.
* * * LOW HITPOINT WARNING * * *
You are more poisoned.
The adder poisons you!
Edmund hits the phantom with a +4 flail of draining.
The phantom closely misses Edmund.
The iguana bites your bombardier beetle!
The howler monkey hits you!
You die...

......##... ).#..#...
#.#..... .# .....:## .
#......#.. .
###........##..
...#......###.........
.......@h..........#..
...###..S@.......>....
#...BW..........
#.....l...##...#
#......o.o....####
....................
.........####o.## #
..........###.####...
............/........


You could see a phantom (ally target), a howler monkey (catching breath), an
iguana, an adder, 3 orcs, the friendly Edmund (charmed) and a friendly
bombardier beetle (charmed).

Vanquished Creatures
  Grinder (D:4)
  A phantom (D:4)
  A bullfrog (D:4)
  A gnoll bouda (D:4)
  2 hounds (D:3)
  Natasha (thrice) (D:2)
  6 adders
  7 gnolls
  A dart slug (D:1)
  4 orcs (D:4)
  5 ball pythons
  3 endoplasms
  2 giant cockroaches
  8 goblins
  7 hobgoblins
  2 bats (D:1)
  3 frilled lizards
  6 kobolds
  7 rats
70 creatures vanquished.

Vanquished Creatures (others)
  2 gnolls (D:4)
2 creatures vanquished.

Grand Total: 72 creatures vanquished

Notes
Turn   | Place    | Note
-------+----------+-------------------------------------------
     0 | D:1      | H0rd4k the Octopode Artificer began the quest for the Orb.
     0 | D:1      | Reached XP level 1. HP: 13/13 MP: 1/1
   159 | D:1      | Reached skill level 1 in Unarmed Combat
   175 | D:1      | Reached XP level 2. HP: 18/18 MP: 2/2
   764 | D:2      | Reached skill level 2 in Unarmed Combat
   764 | D:2      | Reached XP level 3. HP: 24/24 MP: 3/3
   808 | D:2      | Noticed Natasha
   817 | D:2      | Killed Natasha
   818 | D:2      | Reached skill level 3 in Unarmed Combat
   820 | D:2      | Reached XP level 4. HP: 7/29 MP: 4/4
  1192 | D:2      | Noticed Natasha
  1198 | D:2      | Killed Natasha
  1249 | D:2      | Noticed Natasha
  1255 | D:2      | Killed Natasha
  1256 | D:2      | Reached skill level 4 in Unarmed Combat
  1256 | D:2      | Reached XP level 5. HP: 24/34 MP: 5/5
  1605 | D:3      | Found a radiant altar of Vehumet.
  1607 | D:3      | Found a bloodstained altar of Trog.
  1613 | D:3      | Found a sacrificial altar of Ru.
  1635 | D:3      | Found a shadowy altar of Dithmenos.
  1798 | D:3      | Reached skill level 5 in Unarmed Combat
  1934 | D:3      | Reached XP level 6. HP: 39/41 MP: 6/6
  2134 | D:4      | Noticed Grinder
  2154 | D:4      | Killed Grinder
  2155 | D:4      | Reached skill level 6 in Unarmed Combat
  2155 | D:4      | Reached skill level 1 in Shapeshifting
  2155 | D:4      | Reached XP level 7. HP: 45/45 MP: 7/7
  2241 | D:4      | Noticed Dowan
  2245 | D:4      | Noticed Duvessa
  2516 | D:4      | Found a large runed translucent door.
  2516 | D:4      | Found a large runed translucent door.
  2521 | D:4      | Noticed riffraff's ghost (weakling AtFi)
  3024 | D:5      | Entered Level 5 of the Dungeon
  3024 | D:5      | Found a stormy altar of Qazlal.
  3048 | D:5      | Noticed Edmund
  3057 | D:5      | Slain by a howler monkey

Illustrated notes

Levels and vault maps discovered:
D:1:      minmay_arrival_cross, layout_loops_ring
D:2:      layout_basic, uniq_natasha
D:3:      layout_rooms, nicolae_overflow_macrodata_refinement,
          cheibrodos_gnoll_hut
D:4:      layout_basic, ebering_ghost_disaster_area, uniq_grinder, uniq_duvessa
D:5:      layout_cave_pools, nicolae_overflow_hidden_temple, marbit_many_paths,
          serial_shops, kennysheep_mini_moat, uniq_edmund

Skill      XL: |  1  2  3  4  5  6  7 |
---------------+----------------------+-----
Unarmed Combat | 1 2 3 4 5 6 |  6.7
Fighting       | 2 3 |  3.2
Shapeshifting  | 1 2 |  2.1
Dodging        | |  2.3
Stealth        | |  1.3
Evocations     | |  3.2

Action                     |  1- 3 |  4- 6 |  7- 9 || total
---------------------------+-------+-------+-------++-------
  Melee: Unarmed           |    54 |    65 |    36 ||   155
         Tentacles         |    16 |    13 |     8 ||    37
         Constrict         |    14 |    16 |     7 ||    37
         Punch             |       |     1 |     1 ||     2
  Evoke: Wand              |     3 |    23 |     4 ||    30
   Stab: Sleeping          |     5 |     5 |     1 ||    11
 Armour: Skin              |    16 |    32 |    22 ||    70
  Dodge: Dodged            |    34 |    33 |    14 ||    81
